Map: Hardwire LE

Players

ventuno

  • Race: Terran Terran
  • Spawn Location: 7:00

Warthog - Winner!

  • Race: Terran Terran
  • League: Diamond
  • Spawn Location: 1:00

VOD

Have the link to the VOD?

Description

Time

  • Played on: Nov. 23, 2021, 7:03 p.m.
  • Length: 4:10
Show
View Real Time Build Order
Export as new Build Order

ventuno Terran 

Build Orders:  

Get SALT Encoding   

  12  0:00  SCV  
  13  0:12  SCV  
  14  0:17  Supply Depot  
  14  0:25  SCV  
  15  0:38  SCV  
  15  0:39  Barracks  
  16  0:44  Refinery  
  16  0:50  SCV  
  17  1:02  SCV  
  18  1:08  Barracks  
  18  1:15  SCV  
  19  1:26  Marine  
  19  1:27  Supply Depot  
  19  1:31  Orbital Command  
  20  1:44  Marine  
  21  1:55  Barracks Tech Lab  
  21  1:59  SCV  
  22  2:03  Barracks  
  22  2:05  Barracks Reactor  
  22  2:13  Stimpack  
  22  2:17  SCV  
  22  2:21  Supply Depot  
  23  2:28  Marine  
  24  2:32  SCV  
  25  2:42  Marine x2  
  25  2:43  Supply Depot  
  27  2:44  SCV  
  27  2:45  Marine  
  27  2:51  Marine  
  29  2:56  SCV  
  31  3:00  Marine x2  
  31  3:03  Marine  
  34  3:07  Supply Depot  
  34  3:09  Marine  
  35  3:15  SCV  
  35  3:18  Marine x2  
  38  3:26  Marine  
  39  3:27  SCV  
  39  3:30  Marine  
  39  3:45  SCV, Marine x3  
Show
View Real Time Build Order
Export as new Build Order

Warthog Terran - Winner!

Build Orders:  

Get SALT Encoding   

  12  0:01  SCV  
  13  0:13  SCV  
  14  0:17  Supply Depot  
  14  0:25  SCV  
  15  0:38  SCV  
  15  0:39  Barracks  
  16  0:44  Refinery  
  16  0:50  SCV  
  17  0:58  Refinery  
  17  1:03  SCV  
  18  1:15  SCV  
  19  1:27  Reaper, Orbital Command  
  20  1:44  Factory  
  20  1:50  Supply Depot  
  20  1:55  SCV  
  20  1:59  Reaper  
  22  2:08  SCV  
  23  2:20  SCV  
  24  2:25  Command Center  
  26  2:30  Hellion  
  26  2:34  SCV  
  27  2:44  Reaper  
  29  2:52  Factory Tech Lab  
  29  2:56  SCV  
  28  3:03  Supply Depot  
  28  3:09  Starport  
  28  3:11  Siege Tank  
  31  3:17  Barracks Reactor  
  31  3:21  Bunker  
  31  3:25  SCV  
  32  3:37  SCV  
  33  3:45  Supply Depot  
  36  3:53  SCV  
Tags
 
Add a new tag
Caveats
  • Supply blocks, unpowered buildings, or Contaminate may cause inaccurate times.
  • Supply counts are checked every 10 seconds.